[ PARTIDA AOE2 · #476200721 ]
UnrankedVikingos vs Spanish
Equipo del jugador · VICT
Equipo rival · DERR
[ ANÁLISIS DE REPETICIÓN · EXTRAÍDO DE LA PARTIDA GRABADA ]
Feudal
10:31
Castillos
34:11
Imperial
—
| APM promedio | 43.0 |
| APM pico | 70 |
| eAPM promedio | 17.6 |
| Aldeanos / militares | 53 / 87 |
Foco
⚔️ 38.2% · 🌾 61.8%
Militia ×43 · Skirmisher ×20 · Scout Cavalry ×14 · Archer ×6 · Spearman ×4
Feudal
10:01
Castillos
—
Imperial
—
| APM promedio | 66.7 |
| APM pico | 90 |
| eAPM promedio | 29.1 |
| Aldeanos / militares | 65 / 68 |
Foco
⚔️ 33.2% · 🌾 66.8%
Skirmisher ×23 · Scout Cavalry ×19 · Spearman ×14 · Archer ×12
Mapa de la partida
Recursos iniciales + cada clic de construcción. Líneas = muros · curvas = relieve. ◆ oro · ⬟ piedra · ● bayas · ✦ reliquia · ◌ hueco del cierre
Tu base· Abierta — flanco sin cerrar
Base de Carsitou· Abierta — flanco sin cerrar
Terreno inicial suavizado · ◌ = hueco del cierre detectado · pasá el cursor para detalles
Inputs por minuto
— wujiang01 - - Carsitou
Build order — wujiang01
Primeras 150 de 203 acciones detectadas
| 0:02 | Crear | Villager (Male) |
| 0:02 | Crear | Villager (Male) |
| 0:02 | Crear | Villager (Male) |
| 0:02 | Crear | Villager (Male) |
| 0:03 | Crear | Villager (Male) |
| 0:05 | Construir | House |
| 0:07 | Construir | House |
| 1:38 | Crear | Villager (Male) |
| 1:38 | Crear | Villager (Male) |
| 2:10 | Crear | Villager (Male) |
| 2:11 | Crear | Villager (Male) |
| 2:25 | Crear | Villager (Male) |
| 2:32 | Construir | Lumber Camp |
| 2:55 | Crear | Villager (Male) |
| 2:56 | Crear | Villager (Male) |
| 3:16 | Crear | Villager (Male) |
| 3:26 | Construir | House |
| 3:53 | Crear | Villager (Male) |
| 3:53 | Crear | Villager (Male) |
| 4:15 | Crear | Villager (Male) |
| 4:15 | Crear | Villager (Male) |
| 5:08 | Crear | Villager (Male) |
| 5:09 | Crear | Villager (Male) |
| 5:30 | Investigar | Loom |
| 5:38 | Crear | Villager (Male) |
| 5:53 | Crear | Villager (Male) |
| 5:59 | Construir | Barracks |
| 6:42 | Crear | Villager (Male) |
| 6:47 | Construir | House |
| 7:45 | Construir | Mining Camp |
| 8:21 | Investigar | Feudal Age |
| 8:48 | Construir | House |
| 8:57 | Crear | Militia |
| 8:57 | Crear | Militia |
| 9:09 | Crear | Militia |
| 9:09 | Crear | Militia |
| 9:17 | Construir | Mill |
| 9:43 | Crear | Militia |
| 10:30 | Construir | Farm |
| 10:31 | Edad | Edad Feudal |
| 10:36 | Investigar | Man-at-Arms (upgrade) |
| 10:56 | Crear | Militia |
| 10:56 | Crear | Militia |
| 11:36 | Crear | Villager (Male) |
| 11:36 | Crear | Villager (Male) |
| 11:40 | Construir | Archery Range |
| 11:59 | Crear | Villager (Male) |
| 11:59 | Crear | Villager (Male) |
| 12:20 | Crear | Villager (Male) |
| 12:20 | Crear | Villager (Male) |
| 12:49 | Crear | Villager (Male) |
| 12:49 | Crear | Villager (Male) |
| 12:50 | Crear | Villager (Male) |
| 13:07 | Crear | Militia |
| 13:07 | Crear | Militia |
| 13:11 | Construir | House |
| 13:47 | Construir | House |
| 13:48 | Crear | Skirmisher |
| 13:49 | Crear | Skirmisher |
| 14:06 | Crear | Militia |
| 14:06 | Crear | Militia |
| 14:15 | Construir | Farm |
| 14:33 | Construir | Blacksmith |
| 15:16 | Crear | Militia |
| 15:16 | Crear | Militia |
| 15:44 | Crear | Militia |
| 15:45 | Crear | Militia |
| 15:50 | Construir | Farm |
| 15:50 | Construir | Farm |
| 15:51 | Construir | Farm |
| 15:51 | Construir | Farm |
| 15:51 | Construir | Farm |
| 15:53 | Crear | Villager (Male) |
| 15:53 | Crear | Villager (Male) |
| 15:54 | Crear | Villager (Male) |
| 16:38 | Construir | House |
| 16:39 | Construir | House |
| 16:43 | Construir | Farm |
| 17:17 | Crear | Militia |
| 17:17 | Crear | Militia |
| 17:19 | Crear | Villager (Male) |
| 17:19 | Crear | Villager (Male) |
| 18:19 | Crear | Spearman |
| 18:19 | Crear | Spearman |
| 18:20 | Crear | Archer |
| 18:20 | Crear | Archer |
| 18:21 | Crear | Archer |
| 18:44 | Construir | Stable |
| 18:53 | Crear | Villager (Male) |
| 18:53 | Crear | Villager (Male) |
| 18:59 | Construir | Farm |
| 19:05 | Crear | Spearman |
| 19:05 | Crear | Spearman |
| 19:25 | Crear | Scout Cavalry |
| 19:26 | Crear | Scout Cavalry |
| 19:44 | Crear | Militia |
| 19:44 | Crear | Militia |
| 19:54 | Construir | House |
| 19:56 | Crear | Villager (Male) |
| 19:56 | Crear | Villager (Male) |
| 20:19 | Crear | Scout Cavalry |
| 20:19 | Crear | Scout Cavalry |
| 20:33 | Construir | Farm |
| 20:40 | Construir | Farm |
| 20:40 | Construir | Farm |
| 20:41 | Construir | Farm |
| 20:41 | Construir | Farm |
| 21:09 | Crear | Scout Cavalry |
| 21:09 | Crear | Scout Cavalry |
| 21:31 | Crear | Scout Cavalry |
| 21:31 | Crear | Scout Cavalry |
| 21:49 | Crear | Militia |
| 21:49 | Crear | Militia |
| 22:07 | Crear | Scout Cavalry |
| 22:07 | Crear | Scout Cavalry |
| 22:08 | Crear | Militia |
| 22:08 | Crear | Militia |
| 22:23 | Construir | Farm |
| 22:24 | Construir | Farm |
| 22:24 | Construir | Farm |
| 22:44 | Crear | Militia |
| 22:44 | Crear | Militia |
| 22:50 | Crear | Villager (Male) |
| 22:50 | Crear | Villager (Male) |
| 22:50 | Crear | Villager (Male) |
| 23:17 | Crear | Skirmisher |
| 23:18 | Crear | Skirmisher |
| 23:31 | Crear | Militia |
| 23:32 | Crear | Militia |
| 23:53 | Crear | Militia |
| 23:53 | Crear | Militia |
| 23:54 | Crear | Villager (Male) |
| 23:54 | Crear | Villager (Male) |
| 23:54 | Crear | Villager (Male) |
| 24:19 | Crear | Skirmisher |
| 24:19 | Crear | Skirmisher |
| 24:39 | Crear | Skirmisher |
| 24:39 | Crear | Skirmisher |
| 24:48 | Crear | Scout Cavalry |
| 24:49 | Crear | Scout Cavalry |
| 24:49 | Crear | Villager (Male) |
| 25:04 | Crear | Militia |
| 25:04 | Crear | Militia |
| 25:32 | Crear | Skirmisher |
| 25:33 | Crear | Skirmisher |
| 25:33 | Crear | Skirmisher |
| 25:58 | Crear | Skirmisher |
| 25:58 | Crear | Skirmisher |
| 25:59 | Crear | Skirmisher |
| 26:21 | Crear | Scout Cavalry |
Build order — Carsitou
Primeras 150 de 194 acciones detectadas
| 0:01 | Crear | Villager (Male) |
| 0:01 | Crear | Villager (Male) |
| 0:02 | Construir | House |
| 0:04 | Construir | House |
| 0:08 | Crear | Villager (Male) |
| 0:08 | Crear | Villager (Male) |
| 0:22 | Construir | House |
| 1:39 | Crear | Villager (Male) |
| 1:39 | Crear | Villager (Male) |
| 1:39 | Crear | Villager (Male) |
| 1:48 | Construir | Lumber Camp |
| 2:06 | Crear | Villager (Male) |
| 2:06 | Crear | Villager (Male) |
| 2:19 | Crear | Villager (Male) |
| 2:19 | Crear | Villager (Male) |
| 2:54 | Crear | Villager (Male) |
| 2:54 | Crear | Villager (Male) |
| 3:10 | Crear | Villager (Male) |
| 3:33 | Crear | Villager (Male) |
| 3:59 | Construir | House |
| 4:08 | Crear | Villager (Male) |
| 4:19 | Construir | Mill |
| 4:29 | Crear | Villager (Male) |
| 4:30 | Crear | Villager (Male) |
| 5:09 | Construir | House |
| 5:14 | Crear | Villager (Male) |
| 5:14 | Crear | Villager (Male) |
| 5:15 | Crear | Villager (Male) |
| 6:03 | Crear | Villager (Male) |
| 6:40 | Crear | Villager (Male) |
| 6:46 | Crear | Villager (Male) |
| 7:04 | Investigar | Loom |
| 7:25 | Crear | Villager (Male) |
| 7:25 | Crear | Villager (Male) |
| 7:51 | Investigar | Feudal Age |
| 8:04 | Crear | Villager (Male) |
| 8:22 | Crear | Villager (Male) |
| 8:48 | Construir | Barracks |
| 9:16 | Construir | House |
| 9:42 | Construir | Farm |
| 9:44 | Construir | Palisade Wall |
| 9:57 | Construir | Farm |
| 10:01 | Edad | Edad Feudal |
| 10:05 | Construir | Archery Range |
| 10:07 | Construir | House |
| 10:24 | Investigar | Horse Collar |
| 10:34 | Crear | Villager (Male) |
| 10:36 | Crear | Spearman |
| 10:46 | Construir | Farm |
| 10:51 | Crear | Skirmisher |
| 10:52 | Crear | Skirmisher ×4 |
| 10:52 | Crear | Skirmisher ×4 |
| 11:04 | Crear | Skirmisher |
| 11:17 | Construir | Palisade Wall |
| 11:19 | Construir | Palisade Wall |
| 11:20 | Construir | Palisade Wall |
| 11:21 | Construir | Palisade Wall |
| 11:31 | Crear | Skirmisher |
| 11:33 | Construir | Farm |
| 11:39 | Construir | House |
| 11:42 | Construir | Palisade Wall |
| 11:43 | Crear | Villager (Male) |
| 12:05 | Crear | Villager (Male) |
| 12:10 | Construir | Stable |
| 12:46 | Construir | Farm |
| 13:09 | Crear | Villager (Male) |
| 13:21 | Crear | Skirmisher |
| 13:44 | Construir | Farm |
| 13:49 | Construir | Farm |
| 14:05 | Crear | Villager (Male) |
| 14:25 | Crear | Villager (Male) |
| 14:38 | Crear | Villager (Male) |
| 14:43 | Construir | House |
| 14:45 | Construir | Palisade Wall |
| 15:02 | Construir | Stable |
| 15:33 | Crear | Villager (Male) |
| 15:34 | Crear | Skirmisher |
| 15:34 | Crear | Skirmisher |
| 15:47 | Crear | Scout Cavalry ×5 |
| 16:40 | Crear | Villager (Male) |
| 16:45 | Construir | Mining Camp |
| 17:00 | Construir | House |
| 17:04 | Construir | Palisade Wall |
| 17:16 | Crear | Villager (Male) |
| 17:17 | Crear | Villager (Male) |
| 17:43 | Construir | Farm |
| 18:09 | Crear | Villager (Male) |
| 18:49 | Crear | Villager (Male) |
| 18:49 | Crear | Villager (Male) |
| 19:00 | Construir | House |
| 19:05 | Crear | Villager (Male) |
| 19:29 | Crear | Villager (Male) |
| 20:07 | Crear | Skirmisher |
| 20:07 | Crear | Skirmisher |
| 20:24 | Crear | Spearman |
| 20:24 | Crear | Spearman |
| 20:34 | Crear | Scout Cavalry |
| 20:38 | Construir | Farm |
| 20:39 | Construir | Farm |
| 20:42 | Crear | Skirmisher |
| 21:02 | Crear | Spearman |
| 21:04 | Crear | Skirmisher |
| 21:20 | Construir | Farm |
| 21:22 | Construir | Blacksmith |
| 21:24 | Construir | House |
| 21:34 | Crear | Villager (Male) |
| 21:35 | Crear | Villager (Male) |
| 21:39 | Construir | House |
| 22:08 | Crear | Villager (Male) |
| 22:17 | Crear | Spearman |
| 22:28 | Crear | Skirmisher |
| 22:36 | Crear | Villager (Male) |
| 22:39 | Construir | House |
| 22:42 | Construir | Market |
| 22:46 | Crear | Scout Cavalry |
| 22:53 | Crear | Spearman |
| 22:54 | Crear | Skirmisher |
| 23:07 | Crear | Spearman |
| 23:16 | Construir | House |
| 23:51 | Crear | Villager (Male) |
| 23:54 | Construir | House |
| 23:57 | Construir | House |
| 24:00 | Construir | Farm |
| 24:07 | Crear | Scout Cavalry |
| 24:23 | Crear | Archer ×5 |
| 24:54 | Crear | Spearman |
| 25:07 | Crear | Villager (Male) |
| 25:07 | Crear | Villager (Male) |
| 25:10 | Construir | House |
| 25:12 | Construir | House |
| 25:12 | Construir | House |
| 25:14 | Crear | Villager (Male) |
| 25:15 | Crear | Villager (Male) |
| 25:22 | Crear | Skirmisher |
| 25:52 | Investigar | Fletching |
| 26:09 | Crear | Scout Cavalry |
| 26:38 | Construir | Farm |
| 26:38 | Construir | Farm |
| 27:09 | Crear | Villager (Male) |
| 27:17 | Crear | Villager (Male) |
| 27:21 | Construir | Archery Range |
| 27:25 | Crear | Spearman |
| 27:40 | Crear | Scout Cavalry |
| 27:41 | Crear | Scout Cavalry |
| 27:45 | Construir | Farm |
| 27:56 | Construir | Farm |
| 27:59 | Crear | Spearman |
| 28:04 | Construir | Farm |
| 28:07 | Crear | Skirmisher |
| 28:10 | Crear | Spearman |
Cronología de la partida
| 5:59 | wujiang01 · first_building Barracks |
| 8:48 | Carsitou · first_building Barracks |
| 9:44 | Carsitou · wall_segment Palisade Wall x1 |
| 10:01 | Carsitou · age_up feudal |
| 10:05 | Carsitou · first_building Archery Range |
| 10:31 | wujiang01 · age_up feudal |
| 11:17 | Carsitou · wall_segment Palisade Wall x1 |
| 11:19 | Carsitou · wall_segment Palisade Wall x1 |
| 11:20 | Carsitou · wall_segment Palisade Wall x1 |
| 11:21 | Carsitou · wall_segment Palisade Wall x1 |
| 11:40 | wujiang01 · first_building Archery Range |
| 11:42 | Carsitou · wall_segment Palisade Wall x2 |
| 12:10 | Carsitou · first_building Stable |
| 14:45 | Carsitou · wall_segment Palisade Wall x3 |
| 17:04 | Carsitou · wall_segment Palisade Wall x1 |
| 18:44 | wujiang01 · first_building Stable |
| 32:17 | Carsitou · first_market_buy 100 stone |
| 34:11 | wujiang01 · age_up castle |
| 34:26 | Carsitou · resign |
[ ANÁLISIS IA · 1 CRÉDITO ]
¿Qué pasó realmente en esta partida?
Wolo.gg analiza cada decisión: build order, eco, micro, errores típicos por bracket. Análisis personalizado por WhatsApp o Discord en 30 segundos.
Guía civ
Vikingos
Perfil
wujiang01